 Dungeon Sprint DCSS version 0.18-a0-1782-gb76a692 (webtiles) character file.

91273 Kidiri the Imperceptible (level 14, -26/77 HPs)
             Began as a Spriggan Enchanter on Apr 17, 2016.
             Was the Champion of Dithmenos.
             Collided with a tormentor (28 damage)
             ... caused by a lich
             ... in the Dungeon (Sprint III: "The Ten Rune Challenge").
             The game lasted 00:39:27 (6648 turns).

Kidiri the Imperceptible (Spriggan Enchanter)       Turns: 6648, Time: 00:39:28

Health: -26/77     AC: 18    Str:  4    XL:     14   Next: 67%
Magic:  17/25      EV: 34    Int: 22    God:    Dithmenos [******]
Gold:   5764       SH:  8    Dex: 22    Spells: 9 memorised, 27 levels left

rFire  . . .     SeeInvis +     H - +6 quick blade
rCold  + . .     Gourm    .     I - +1 mottled dragon armour
rNeg   . . .     Faith    .     B - +0 buckler
rPois  .         Spirit   .     t - +2 hat {MR+}
rElec  +         Dismiss  .     w - +0 cloak
rCorr  +         Reflect  .     (gloves unavailable)
SustAt .         Harm     .     (boots unavailable)
MR     ++++.     NoTele   +     S - amulet of rage
Stlth  ++++++++++               L - ring "Onyfuk" {rCorr rElec rC+ MR+ MP-9 Int+2}
                                u - +5 ring of protection

@: wreathed by umbra, very quick, incredibly resistant to hostile enchantments,
uncannily stealthy
A: unfitting armour, talons 1, molten scales 1, thin skeletal structure 2, see
invisible, herbivore 3, speed 3, low mp 1, slow metabolism 2
a: Shadow Step, Shadow Form, Renounce Religion, Evoke Berserk Rage
}: 2/10 runes: decaying, serpentine


You were in the Dungeon.
You worshipped Dithmenos.
Dithmenos was exalted by your worship.
You were not hungry.

You visited 1 branch You collected 8932 gold pieces.
You spent 3168 gold pieces at shops.

Inventory:

Hand Weapons
 H - a +6 quick blade (weapon)
Missiles
 m - 9 throwing nets (quivered)
Armour
 t - a +2 hat of magic resistance (worn)
 w - a +0 cloak (worn)
 B - a +0 buckler (worn)
 I - a +1 mottled dragon armour (worn)
Jewellery
 u - a +5 ring of protection (left hand)
 v - a +3 ring of intelligence
 x - an uncursed ring of protection from cold
 E - an uncursed ring of flight
 J - an uncursed ring of positive energy
 K - the ring "Dyucwues" {Ice Str+2 Int-3 Dex+4 Slay+2}
   (You found it in the Dungeon)

   [ring of ice]

   It enhances your ice magic, and weakens your fire magic.
   It affects your strength (+2).
   It affects your intelligence (-3).
   It affects your dexterity (+4).
   It affects your accuracy and damage with ranged weapons and melee attacks
   (+2).
   It makes you vulnerable to fire.
   It protects you from cold.
 L - the ring "Onyfuk" (right hand) {rCorr rElec rC+ MR+ MP-9 Int+2}
   (You found it in the Dungeon)

   [ring of resist corrosion]

   It affects your intelligence (+2).
   It protects you from cold.
   It insulates you from electricity.
   It affects your resistance to hostile enchantments.
   It affects your magic capacity (-9).
 O - an uncursed ring of fire
 S - an amulet of rage (around neck)
Wands
 a - a wand of acid (7/15)
 C - a wand of polymorph (5/24)
Scrolls
 k - 5 scrolls of amnesia
 l - a scroll of remove curse
 z - a scroll of fog
 G - a scroll of silence
 M - a scroll of enchant armour
Potions
 c - 9 potions of curing
 e - a potion of berserk rage
 f - 3 potions of heal wounds
 g - a potion of haste
 n - 2 potions of resistance
 o - a potion of agility
 q - a potion of cure mutation
 r - 3 potions of might
 s - 3 potions of flight
Miscellaneous
 y - a crystal ball of energy
 A - 2 phantom mirrors
 P - a box of beasts
Comestibles
 d - a bread ration
 j - 11 fruits
 p - 28 royal jellies
 F - a slice of pizza


   Skills:
 + Level 10.3 Fighting
 * Level 17.5 Short Blades
 + Level 9.2 Armour
 * Level 21.6 Dodging
 * Level 23.3 Stealth
 + Level 4.3 Shields
 * Level 18.9 Spellcasting
 + Level 9.1 Conjurations
 + Level 14.2 Hexes
 + Level 4.2 Charms
 + Level 4.0 Translocations
 + Level 9.9 Ice Magic
 + Level 2.4 Air Magic
 + Level 2.9 Poison Magic
 - Level 3.1 Invocations


You had 27 spell levels left.
You knew the following spells:

 Your Spells              Type           Power        Failure   Level  Hunger
a - Corona                Hex            ######.      1%          1    None
b - Ensorcelled Hibernat  Hex/Ice        ######       1%          2    None
c - Confuse               Hex            ######..     1%          3    None
d - Tukima's Dance        Hex            ######..     1%          3    None
e - Dazzling Spray        Conj/Hex       ######..     1%          3    None
f - Mephitic Cloud        Conj/Pois/Air  #####...     2%          3    None
g - Repel Missiles        Chrm/Air       #####.       2%          2    None
h - Shroud of Golubria    Chrm/Tloc      #####.....   1%          2    None
i - Passage of Golubria   Tloc           N/A          14%         4    None


Dungeon Overview and Level Annotations

Branches:
Dungeon (1/1)

Altars:
Cheibriados
Dithmenos
Elyvilon
Fedhas
Gozag
Kikubaaqudgha
Makhleb
Nemelex Xobeh
Okawaru
Pakellas
Qazlal
Ru
Sif Muna
Trog
Vehumet
Xom
Yredelemnul
Zin
The Shining One
Beogh
Jiyva
Lugonu

Shops:
D ?=[!=[[(=[(=%%?!:}!

Annotations:
D exclusion: 2 statues


Innate Abilities, Weirdness & Mutations

You are tiny and cannot use many weapons and most armour.
You have supernaturally acute eyesight.
You are a herbivore.
You cover ground extremely quickly.
You need consume almost no food.
You have sharp toenails.
You are partially covered in molten scales (AC +1).
You have a moderately thin skeletal structure (Dex +4, Stealth+).
Your magical capacity is low (-10% MP).


Message History

You block the tormentor's attack.
Unknown command.
Casting: Dazzling Spray
Confirm with . or Enter, or press ? or * to list all spells.
Aiming: Dazzling Spray
Press: ? - help, Shift-Dir - straight line, f/p - lich
Aim: a lich (black smoke, almost destroyed, umbra)
The spray of energy hits the lich.
The lich is almost destroyed.
Your shadow mimicks your spell!
The shadow shard misses the lich.
The shadow shard misses the cacodemon.
The lich casts a spell at you. The lance of force hits you!
Ouch! That really hurt!
* * * LOW HITPOINT WARNING * * *
You emit a cloud of dark smoke.
You are knocked back by the lance of force.
You collide with the tormentor!
The tormentor dies!
You die...

##≈≈≈≈##..##.#*,,,,,,,,,,,*≈≈≈≈≈*
≈≈≈........#.#*,,,,,,,,,,,*,≈≈≈≈*
##≈≈≈≈##..##.#*,,,,,,,,,,,*,≈≈≈,*
##....+......#*,,,,,,,,,,,*≈≈≈≈≈*
##############*,,,,,,,,,,,*,≈,,,*
############***,,,,,,,,,,,*,,,,,*
.....+...≈≈#,**,,,,,,,,,,,*,,,,,*
.....#...≈≈############********+*
.....#...≈≈≈≈##§@L2...+,,,,,,,,,*
.....#...≈≈≈≈##§#######,,,,,,,,,*
.....#.......##.......#,,,,,,,,,*
.....#.......########.#,,,,,,,,,*
.....#.......##.......#,,,,,,,,,*
.....############'###############
######********#.#.#§#.#...§.§.≈§#
.§.§§§≈**≈,≈≈≈##.#§...#§§§≈§§§≈§#
.#§≈§§§*,,≈*≈≈#.#.#§.§#§§§§....§#


You could see a cacodemon and a lich.

Vanquished Creatures
  Norris (D)
  Rupert (D)
  A deep elf blademaster (D)
  Gastronok (D)
  Harold (D)
  Chuck (D)
  A greater naga (D)
  Maud (D)
  2 deep elf annihilators (D)
  2 dire elephants (D)
  A deep elf demonologist (D)
  2 deep elf death magi (D)
  A fire dragon (D)
  A yaktaur captain (D)
  4 ice dragons (D)
  A naga warrior (D)
  3 hydras (D)
  9 anacondas (D)
  2 centaur warriors (D)
  4 death yaks (D)
  Erolcha (D)
  4 dancing weapons (D)
  A deep elf knight (D)
  A death drake (D)
  A spriggan druid (D)
  A death drake (shapeshifter) (D)
  A hill giant (shapeshifter) (D)
  An obsidian statue (D)
  A lindwurm (shapeshifter) (D)
  A lindwurm (D)
  Joseph (D)
  6 deep elf magi (D)
  4 crystal guardians (D)
  5 ugly things (D)
  2 elephants (D)
  A guardian serpent (D)
  7 black mambas (D)
  2 spiny frogs (D)
  A rime drake (D)
  A komodo dragon (D)
  3 wandering mushrooms (D)
  A queen bee (D)
  4 spriggan defenders (D)
  2 giant leeches (D)
  4 slime creatures (D)
  2 orc high priests (D)
  8 blink frogs (D)
  A redback (shapeshifter) (D)
  A shadow (D)
  5 redbacks (D)
  2 spriggans (D)
  2 hill giants (D)
  A spatial vortex (D)
  2 nagas (D)
  A hydra simulacrum (D)
  A water moccasin (D)
  A swamp drake (D)
  An orc warrior (D)
  A necrophage (D)
  3 two-headed ogres (D)
  A water elemental (D)
  A scorpion (D)
  32 killer bees (D)
  An electric eel (D)
  A wizard (D)
  A jelly (D)
  4 orc priests (D)
  3 orc wizards (D)
  A necromancer (D)
  3 humans (D)
  A kobold demonologist (D)
  3 adders (D)
  2 swamp drake simulacra (D)
  12 orcs (D)
  4 rats (D)
199 creatures vanquished.

Vanquished Creatures (others)
  2 draconian scorchers (D)
  3 yaktaurs (D)
  A bush (D)
  2 plants (D)
8 creatures vanquished.

Grand Total: 207 creatures vanquished

Notes
Turn   | Place    | Note
--------------------------------------------------------------
     0 | D        | Kidiri the Spriggan Enchanter began the quest for the Orb.
     0 | D        | Reached XP level 1. HP: 9/9 MP: 5/5
   105 | D        | Noticed a scorpion
   133 | D        | Killed a scorpion
   133 | D        | Reached skill level 1 in Fighting
   133 | D        | Reached skill level 1 in Armour
   133 | D        | Reached skill level 5 in Dodging
   133 | D        | Reached skill level 6 in Stealth
   133 | D        | Reached XP level 2. HP: 14/14 MP: 5/8
   133 | D        | Reached XP level 3. HP: 18/18 MP: 6/10
   161 | D        | Learned a level 2 spell: Ensorcelled Hibernation
   165 | D        | Learned a level 3 spell: Confuse
   169 | D        | Learned a level 3 spell: Dazzling Spray
   204 | D        | Reached XP level 4. HP: 20/23 MP: 2/11
   211 | D        | Learned a level 3 spell: Tukima's Dance
   240 | D        | Killed a white draconian scorcher
   242 | D        | Killed a white draconian scorcher
   279 | D        | Gained mutation: You have a somewhat thin skeletal structure (Dex +2, Stealth). [potion of mutation]
   279 | D        | Gained mutation: You are partially covered in molten scales (AC +1). [potion of mutation]
   280 | D        | Gained mutation: You have sharp toenails. [potion of mutation]
   280 | D        | Gained mutation: You have a moderately thin skeletal structure (Dex +4, Stealth+). [potion of mutation]
   280 | D        | Gained mutation: Your magical capacity is low (-10% MP). [potion of mutation]
   289 | D        | Noticed a water elemental
   292 | D        | Killed a water elemental
   292 | D        | Reached skill level 7 in Stealth
   292 | D        | Reached skill level 5 in Spellcasting
   292 | D        | Reached skill level 1 in Conjurations
   292 | D        | Reached skill level 1 in Ice Magic
   305 | D        | Noticed a shadow
   307 | D        | Killed a shadow
   307 | D        | Reached skill level 5 in Short Blades
   307 | D        | Reached skill level 9 in Stealth
   307 | D        | Reached skill level 5 in Hexes
   307 | D        | Reached XP level 5. HP: 27/27 MP: 11/13
   307 | D        | Reached XP level 6. HP: 32/32 MP: 12/15
   308 | D        | Killed a yaktaur
   348 | D        | Found an oddly glowing altar of Pakellas.
   348 | D        | Found a stormy altar of Qazlal.
   349 | D        | Found a sacrificial altar of Ru.
   349 | D        | Found a burning altar of Makhleb.
   349 | D        | Found a viscous altar of Jiyva.
   349 | D        | Found a shimmering altar of Xom.
   349 | D        | Found a shadowy altar of Dithmenos.
   349 | D        | Found a sparkling altar of Nemelex Xobeh.
   349 | D        | Found a corrupted altar of Lugonu.
   349 | D        | Found an opulent altar of Gozag.
   349 | D        | Noticed a spatial vortex
   353 | D        | Became a worshipper of Dithmenos the Shadowed
   506 | D        | Killed a spatial vortex
   506 | D        | Reached skill level 1 in Invocations
   680 | D        | Found a radiant altar of Vehumet.
   681 | D        | Found a deep blue altar of Sif Muna.
   681 | D        | Found an ancient bone altar of Kikubaaqudgha.
   682 | D        | Reached skill level 10 in Stealth
   705 | D        | Found a glowing silver altar of Zin.
   706 | D        | Found a glowing golden altar of the Shining One.
   706 | D        | Found a white marble altar of Elyvilon.
   706 | D        | Noticed a deep elf mage
   708 | D        | Killed a deep elf mage
   708 | D        | Reached * piety under Dithmenos
   708 | D        | Reached skill level 10 in Dodging
   708 | D        | Reached skill level 11 in Stealth
   708 | D        | Reached XP level 7. HP: 37/37 MP: 16/18
   719 | D        | Found an iron altar of Okawaru.
   720 | D        | Found a bloodstained altar of Trog.
   720 | D        | Noticed a human
   720 | D        | Noticed a human
   722 | D        | Killed a human
   722 | D        | Reached XP level 8. HP: 42/42 MP: 17/19
   723 | D        | Reached ** piety under Dithmenos
   739 | D        | Found a snail-covered altar of Cheibriados.
   747 | D        | Found a basalt altar of Yredelemnul.
   747 | D        | Found a blossoming altar of Fedhas.
   878 | D        | Reached *** piety under Dithmenos
   878 | D        | Reached skill level 12 in Stealth
   903 | D        | Noticed Erolcha
   906 | D        | Killed Erolcha
   906 | D        | Reached skill level 13 in Stealth
   906 | D        | Reached skill level 10 in Spellcasting
   906 | D        | Reached XP level 9. HP: 46/46 MP: 21/21
   907 | D        | Reached **** piety under Dithmenos
  1032 | D        | Noticed a queen bee
  1033 | D        | Reached skill level 5 in Fighting
  1059 | D        | Reached ***** piety under Dithmenos
  1202 | D        | Killed a yaktaur
  1259 | D        | Reached skill level 10 in Short Blades
  1394 | D        | Reached ****** piety under Dithmenos
  1394 | D        | Reached skill level 14 in Stealth
  1485 | D        | Reached skill level 5 in Ice Magic
  1491 | D        | Reached XP level 10. HP: 51/51 MP: 2/23
  1762 | D        | Reached skill level 5 in Armour
  1927 | D        | Noticed a spiny frog
  1927 | D        | Noticed a spiny frog
  1931 | D        | Killed a spiny frog
  1933 | D        | Killed a spiny frog
  1933 | D        | Reached skill level 15 in Stealth
  1934 | D        | Reached skill level 5 in Conjurations
  2036 | D        | Noticed a lindwurm
  2039 | D        | Killed a lindwurm
  2047 | D        | Noticed Maud
  2049 | D        | Killed Maud
  2049 | D        | Reached skill level 16 in Stealth
  2049 | D        | Reached XP level 11. HP: 57/57 MP: 24/26
  2064 | D        | Noticed a four-headed hydra
  2064 | D        | Noticed a six-headed hydra
  2067 | D        | Killed a four-headed hydra
  2067 | D        | Reached skill level 15 in Dodging
  2074 | D        | Killed a six-headed hydra
  2074 | D        | Reached skill level 10 in Hexes
  2285 | D        | Noticed a death drake
  2287 | D        | Killed a death drake
  2294 | D        | Found a blossoming altar of Fedhas.
  2294 | D        | Noticed a spriggan druid
  2296 | D        | Killed a spriggan druid
  2298 | D        | Reached skill level 17 in Stealth
  2336 | D        | Noticed an anaconda
  2336 | D        | Noticed an anaconda
  2336 | D        | Noticed an anaconda
  2336 | D        | Noticed an anaconda
  2338 | D        | Killed an anaconda
  2339 | D        | Killed an anaconda
  2342 | D        | Killed an anaconda
  2343 | D        | Killed an anaconda
  2395 | D        | Noticed an anaconda
  2395 | D        | Noticed an anaconda
  2399 | D        | Reached skill level 18 in Stealth
  2403 | D        | Killed an anaconda
  2403 | D        | Reached XP level 12. HP: 63/63 MP: 21/28
  2404 | D        | Killed an anaconda
  2438 | D        | Noticed an anaconda
  2438 | D        | Noticed an anaconda
  2438 | D        | Noticed an anaconda
  2440 | D        | Killed an anaconda
  2441 | D        | Killed an anaconda
  2443 | D        | Killed an anaconda
  2443 | D        | Reached skill level 15 in Spellcasting
  2487 | D        | Noticed a naga warrior
  2487 | D        | Noticed a greater naga
  2487 | D        | Found Qeymijuf's Distillery.
  2487 | D        | Found Howohoz's Jewellery Shoppe.
  2490 | D        | Found Ranwiuco's Antique Armour Boutique.
  2491 | D        | Killed a naga warrior
  2492 | D        | Killed a greater naga
  2492 | D        | Reached skill level 19 in Stealth
  2524 | D        | Got a serpentine rune of Zot
  2744 | D        | Noticed Rupert
  2749 | D        | Killed Rupert
  2770 | D        | Noticed a death yak
  2771 | D        | Noticed a death yak
  2771 | D        | Noticed an azure jelly
  2771 | D        | Noticed a death yak
  2771 | D        | Noticed an azure jelly
  2771 | D        | Noticed a death yak
  2772 | D        | Killed a death yak
  2774 | D        | Killed a death yak
  2776 | D        | Killed a death yak
  2787 | D        | Reached skill level 20 in Stealth
  2787 | D        | Reached XP level 13. HP: 69/69 MP: 18/30
  2933 | D        | Found Yxypig's Magic Scroll Shoppe.
  2933 | D        | Found Muive's Jewellery Boutique.
  2933 | D        | Found Gipek's Antique Armour Emporium.
  2989 | D        | Reached skill level 15 in Short Blades
  3103 | D        | Noticed an azure jelly
  3103 | D        | Noticed an azure jelly
  3104 | D        | Noticed a dire elephant
  3104 | D        | Noticed a dire elephant
  3104 | D        | Noticed Gastronok
  3106 | D        | Killed Gastronok
  3107 | D        | Killed a dire elephant
  3109 | D        | Killed a dire elephant
  3211 | D        | Noticed Harold
  3211 | D        | Noticed Joseph
  3213 | D        | Killed Harold
  3213 | D        | Reached skill level 21 in Stealth
  3215 | D        | Killed Joseph
  3257 | D        | Found a roughly hewn altar of Beogh.
  3257 | D        | Found Poatagh's Antique Armour Shoppe.
  3499 | D        | Bought a +5 ring of protection for 660 gold pieces
  3499 | D        | Bought a +3 ring of intelligence for 188 gold pieces
  3504 | D        | Bought a cloak for 121 gold pieces
  3606 | D        | Bought an uncursed ring of protection from cold for 300 gold pieces
  3737 | D        | Bought a scroll of enchant armour for 105 gold pieces
  3737 | D        | Bought a scroll of fog for 28 gold pieces
  3737 | D        | Bought 2 scrolls of identify for 56 gold pieces
  3739 | D        | Bought a runed buckler for 103 gold pieces
  3739 | D        | Bought a glowing robe for 16 gold pieces
  3739 | D        | Bought an embroidered robe for 16 gold pieces
  3740 | D        | Bought an uncursed ring of flight for 192 gold pieces
  3911 | D        | Got a decaying rune of Zot
  4081 | D        | Noticed a deep elf annihilator
  4085 | D        | Reached skill level 1 in Shields
  4088 | D        | Noticed a deep elf annihilator
  4252 | D        | Noticed a deep elf demonologist
  4254 | D        | Noticed a deep elf death mage
  4257 | D        | Noticed a deep elf blademaster
  4263 | D        | Noticed a deep elf death mage
  4264 | D        | Killed a deep elf annihilator
  4660 | D        | Killed a deep elf annihilator
  4748 | D        | Killed a deep elf demonologist
  4817 | D        | Killed a deep elf death mage
  4964 | D        | Killed a deep elf death mage
  5021 | D        | Killed a ghostly deep elf death mage
  5160 | D        | Got a crystal scythe {venom}
  5335 | D        | Killed a deep elf blademaster
  5335 | D        | Reached skill level 22 in Stealth
  5335 | D        | Reached XP level 14. HP: 76/76 MP: 33/33
  5338 | D        | Got a pitted plate armour
  5351 | D        | Identified Sif Muna's Grimoire of Orientation and Poisoning
  5354 | D        | Got a slimy hunting sling
  5356 | D        | Got a steaming granite ring
  5356 | D        | Got a slimy wooden ring
  5363 | D        | Got a steaming helmet
  5436 | D        | Identified the ring "Dyucwues" {Ice Str+2 Int-3 Dex+4 Slay+2} (You found it in the Dungeon)
  5438 | D        | Identified the ring "Onyfuk" {rCorr rElec rC+ MR+ MP-9 Int+2} (You found it in the Dungeon)
  5758 | D        | Reached skill level 10 in Fighting
  5882 | D        | Found Borau's Food Emporium.
  5882 | D        | Found Reitt's Magic Scroll Shop.
  5882 | D        | Found Ahoxe's Antique Weapon Boutique.
  5882 | D        | Found Xulaamew's Distillery.
  5882 | D        | Found Iceingan's Jewellery Boutique.
  5882 | D        | Found Reuferph's Food Emporium.
  5882 | D        | Found Cizoji Varee's Antique Armour Shoppe.
  5882 | D        | Found Pashrusu's Gadget Shop.
  5882 | D        | Found Ridedo's Jewellery Shop.
  5882 | D        | Found Omoes's Book Emporium.
  5882 | D        | Found Yfacleq's Weapon Emporium.
  5882 | D        | Found Fuoniho's Distillery.
  5904 | D        | Bought a scroll of identify for 24 gold pieces
  5904 | D        | Bought a scroll of magic mapping for 42 gold pieces
  5904 | D        | Bought a scroll of enchant armour for 90 gold pieces
  5905 | D        | Bought a scroll of identify for 24 gold pieces
  5905 | D        | Bought a scroll of identify for 24 gold pieces
  5905 | D        | Bought a scroll of identify for 24 gold pieces
  5918 | D        | Learned a level 3 spell: Mephitic Cloud
  5921 | D        | Learned a level 2 spell: Repel Missiles
  5934 | D        | Bought a book of Spatial Translocations for 715 gold pieces
  5937 | D        | Learned a level 2 spell: Shroud of Golubria
  5942 | D        | Learned a level 4 spell: Passage of Golubria
  5943 | D        | Bought a potion of curing for 30 gold pieces
  5943 | D        | Bought a potion of heal wounds for 50 gold pieces
  5943 | D        | Bought 2 potions of heal wounds for 100 gold pieces
  5943 | D        | Bought a potion of curing for 30 gold pieces
  5943 | D        | Bought a potion of curing for 30 gold pieces
  5943 | D        | Bought a potion of curing for 30 gold pieces
  5943 | D        | Bought a potion of curing for 30 gold pieces
  5946 | D        | Bought a potion of curing for 30 gold pieces
  5946 | D        | Bought a potion of heal wounds for 50 gold pieces
  5946 | D        | Bought a potion of curing for 30 gold pieces
  5946 | D        | Bought a potion of curing for 30 gold pieces
  6029 | D        | Reached skill level 1 in Charms
  6029 | D        | Reached skill level 1 in Translocations
  6253 | D        | Reached skill level 1 in Poison Magic
  6305 | D        | Reached skill level 1 in Air Magic
  6393 | D        | Noticed Chuck
  6408 | D        | Killed Chuck
  6408 | D        | Reached skill level 23 in Stealth
  6584 | D        | Noticed Norris
  6592 | D        | Killed Norris
  6633 | D        | Noticed a lich
  6648 | D        | Noticed a cacodemon
  6648 | D        | HP: 2/77 [lich/lance of force (60)]
  6648 | D        | Collided with a tormentor

Vault maps used:
D:        dungeon_sprint_mu

Skill      XL: |  1  2  3  4  5  6  7  8  9 10 11 12 13 14 |
---------------+-------------------------------------------+-----
Spellcasting   | 4 6 8 10 11 13 14 16 17 18 | 18.9
Fighting       | 1 2 3 4 5 6 7 8 9 10 | 10.3
Short Blades   | 3 5 7 9 10 11 13 14 16 17 | 17.5
Armour         | 1 2 3 4 5 6 7 8 9 |  9.2
Dodging        | 5 7 10 11 13 14 16 18 20 21 | 21.6
Stealth        | 6 9 11 13 14 16 18 20 22 23 | 23.3
Hexes          | 4 5 6 7 8 9 10 12 13 14 | 14.2
Conjurations   | 1 2 3 4 5 6 7 8 9 |  9.1
Ice Magic      | 2 3 4 5 6 7 8 9 |  9.9
Invocations    | 2 3 |  3.1
Shields        | 2 4 |  4.3
Charms         | 4 |  4.2
Translocations | 4 |  4.0
Poison Magic   | 2 |  2.9
Air Magic      | 2 |  2.4

Action                   |  1- 3 |  4- 6 |  7- 9 | 10-12 | 13-15 || total
-------------------------+-------+-------+-------+-------+-------++-------
Melee: Dagger            |    19 |    27 |    80 |    60 |    40 ||   226
       Kick              |       |     2 |    17 |       |    21 ||    40
       Short sword       |       |       |       |       |    25 ||    25
       Quick blade       |       |       |       |       |    34 ||    34
Throw: Throwing net      |       |       |       |       |     1 ||     1
 Cast: Corona            |     2 |       |     1 |       |     4 ||     7
       Ensorcelled Hiber |     4 |     1 |    33 |    16 |    17 ||    71
       Dazzling Spray    |       |     9 |    16 |     7 |   118 ||   150
       Confuse           |       |       |       |     2 |     5 ||     7
       Mephitic Cloud    |       |       |       |       |     3 ||     3
       Repel Missiles    |       |       |       |       |     1 ||     1
Invok: Shadow Step       |       |       |     1 |    16 |    12 ||    29
 Abil: Evoke Flight      |       |       |       |       |     5 ||     5
  Use: Potion            |     2 |     2 |       |       |     4 ||     8
       Scroll            |       |     4 |       |     1 |    11 ||    16
 Stab: Sleeping          |     3 |     6 |    31 |    52 |    55 ||   147
       Invisible         |       |       |     1 |     1 |     1 ||     3
       Confused          |       |       |       |     2 |     7 ||     9
       Held in net/web   |       |       |       |       |     2 ||     2
  Eat: Bread ration      |       |       |       |     1 |       ||     1
Armor: Robe              |     1 |       |     1 |       |       ||     2
       Mottled dragon ar |       |       |       |       |     9 ||     9
Dodge: Dodged            |     9 |     6 |    81 |    29 |   102 ||   227
       Deflected         |       |       |       |       |     2 ||     2
Block: Buckler           |       |       |       |       |    30 ||    30
